TOP OF THE 1ST |
Los Angeles Dodgers batting - Pitching for Atlanta Braves : LHP Danny Jaster
|
Pitching: LHP Danny Jaster
|
|
Batting: RHB Billy Sample
|
0-0: Ball 1-0: Ball 2-0: Ball 3-0: Called Strike 3-1: Ground out 4-3 (Groundball, 4, EV 94.4 MPH)
|
Batting: RHB Carney Lansford
|
0-0: Ground out 5-3 (Groundball, 56S, EV 68.8 MPH)
|
Batting: RHB Dick Davis
|
0-0: Ground out 6-3 (Groundball, 6, EV 90.6 MPH)
|
Top of the 1st over - 0 runs, 0 hits, 0 errors, 0 left on base; Los Angeles 0 - Atlanta 0 |
BOTTOM OF THE 1ST |
Atlanta Braves batting - Pitching for Los Angeles Dodgers : RHP Mike Scott
|
Pitching: RHP Mike Scott
|
|
Batting: SHB Tony Fernandez
|
0-0: Foul Ball, location: 2F 0-1: Fly out, F6 (Line Drive, 6, EV 65.6 MPH)
|
Batting: LHB Mike Hargrove
|
0-0: Fly out, F4 (Line Drive, 4, EV 71.9 MPH)
|
Batting: LHB Leon Durham
|
0-0: Swinging Strike 0-1: Ball 1-1: Called Strike 1-2: Ball 2-2: Fly out, F9 (Line Drive, 9, EV 92.5 MPH)
|
Bottom of the 1st over - 0 runs, 0 hits, 0 errors, 0 left on base; Los Angeles 0 - Atlanta 0 |
TOP OF THE 2ND |
Los Angeles Dodgers batting - Pitching for Atlanta Braves : LHP Danny Jaster
|
Batting: RHB Jerry Keller
|
0-0: Ball 1-0: Called Strike 1-1: Ball 2-1: Ball 3-1: Swinging Strike 3-2: Base on Balls
|
Batting: RHB Barry Evans
|
0-0: Called Strike Jerry Keller is caught stealing 2nd base 2-4 0-1: Called Strike 0-2: Strikes out swinging
|
Batting: RHB Roberto Reyes
|
0-0: Foul Ball, location: 2F 0-1: Ball 1-1: Foul Ball, location: 2F 1-2: Fly out, F5 (Popup, 56S, EV 73.1 MPH)
|
Top of the 2nd over - 0 runs, 0 hits, 0 errors, 0 left on base; Los Angeles 0 - Atlanta 0 |
BOTTOM OF THE 2ND |
Atlanta Braves batting - Pitching for Los Angeles Dodgers : RHP Mike Scott
|
Batting: LHB Bobby Murcer
|
0-0: Called Strike 0-1: Foul Ball, location: 2F 0-2: Ball 1-2: Ball 2-2: Ball 3-2: SINGLE (Line Drive, 7LS, EV 111.9 MPH)
|
Batting: LHB Mike Scioscia
|
0-0: Called Strike 0-1: Called Strike 0-2: Ball 1-2: Foul Ball, location: 2F 1-2: Ball 2-2: Ball 3-2: Fielders Choice at 2nd, 3-6 (Groundball, 34, EV 109.4 MPH)
|
Batting: RHB Craig Kusick
|
0-0: Foul Ball, location: 2F 0-1: Ball 1-1: Ball 2-1: Foul Ball, location: 2F 2-2: Ball 3-2: Foul Ball, location: 2F 3-2: Foul Ball, location: 2F 3-2: Foul Ball, location: 2F 3-2: Fly out, F8 (Flyball, 8RXD, EV 91.9 MPH)
|
Batting: LHB Joe L Morgan
|
0-0: Swinging Strike 0-1: Ball Wild Pitch! Mike Scioscia to second 1-1: Ball 2-1: Ball 3-1: Foul Ball, location: 2F 3-2: Foul Ball, location: 2F 3-2: SINGLE (Flyball, 8RS, EV 98.1 MPH) Mike Scioscia to third Mike Scioscia scores
|
Batting: RHB Gil Flores
|
0-0: Called Strike 0-1: Ball 1-1: Ground out 2-3 (Groundball, 2L, EV 68.8 MPH)
|
Bottom of the 2nd over - 1 run, 2 hits, 0 errors, 1 left on base; Los Angeles 0 - Atlanta 1 |
TOP OF THE 3RD |
Los Angeles Dodgers batting - Pitching for Atlanta Braves : LHP Danny Jaster
|
Batting: SHB Spike Owen
|
0-0: SOLO HOME RUN (Flyball, 89XD, EV 106.9 MPH), Distance : 406 ft
|
Batting: RHB Dennis Littlejohn
|
0-0: Ball 1-0: Called Strike 1-1: Foul Ball, location: 2F 1-2: Ball 2-2: Ball 3-2: Strikes out looking
|
Batting: RHB Mike Scott
|
0-0: SINGLE (Groundball, 6MD, EV 98.8 MPH)
|
Batting: RHB Billy Sample
|
0-0: Ball 1-0: Foul Ball, location: 2F 1-1: Called Strike 1-2: Foul Ball, location: 2F 1-2: Ball 2-2: SINGLE (Groundball, 25, EV 71.9 MPH) (infield hit) Mike Scott to second
|
Batting: RHB Carney Lansford
|
0-0: Swinging Strike 0-1: Ball 1-1: Ball 2-1: Fly out, F8 (Flyball, 8RM, EV 84.4 MPH)
|
Batting: RHB Dick Davis
|
0-0: Swinging Strike 0-1: Foul Ball, location: 2F 0-2: Ball 1-2: Foul Ball, location: 2F 1-2: Ground out 6-3 (Groundball, 6S, EV 76.9 MPH)
|
Top of the 3rd over - 1 run, 3 hits, 0 errors, 2 left on base; Los Angeles 1 - Atlanta 1 |
BOTTOM OF THE 3RD |
Atlanta Braves batting - Pitching for Los Angeles Dodgers : RHP Mike Scott
|
Batting: LHB Danny Jaster
|
0-0: Ball 1-0: Ground out 5-3 (Groundball, 5L, EV 96.3 MPH)
|
Batting: SHB Tony Fernandez
|
0-0: Ball 1-0: Ball 2-0: Called Strike 2-1: Swinging Strike 2-2: Fly out, F6 (Popup, 6M, EV 63.1 MPH)
|
Batting: LHB Mike Hargrove
|
0-0: Swinging Strike 0-1: SINGLE (Line Drive, 89S, EV 100.0 MPH)
|
Batting: LHB Leon Durham
|
0-0: Swinging Strike 0-1: Ball 1-1: Ball 2-1: Foul Ball, location: 2F 2-2: SINGLE (Flyball, 8RS, EV 91.3 MPH) Mike Hargrove to second Runner from 2nd tries for 3rd, SAFE, no throw by CF
|
Batting: LHB Bobby Murcer
|
0-0: Ball 1-0: Fly out, F8 (Flyball, 89XD, EV 89.4 MPH)
|
Bottom of the 3rd over - 0 runs, 2 hits, 0 errors, 2 left on base; Los Angeles 1 - Atlanta 1 |
TOP OF THE 4TH |
Los Angeles Dodgers batting - Pitching for Atlanta Braves : LHP Danny Jaster
|
Batting: RHB Jerry Keller
|
0-0: Called Strike 0-1: Ball 1-1: Foul Ball, location: 2F 1-2: Foul Ball, location: 2F 1-2: Ball 2-2: Ball 3-2: SINGLE (Groundball, 4MD, EV 101.9 MPH)
|
Batting: RHB Barry Evans
|
0-0: Called Strike 0-1: Ball 1-1: Foul Ball, location: 2F 1-2: Ball 2-2: Foul Ball, location: 2F 2-2: Foul Ball, location: 2F 2-2: Strikes out swinging
|
Batting: RHB Roberto Reyes
|
0-0: Ball 1-0: Ball 2-0: Called Strike 2-1: Ball 3-1: Base on Balls Jerry Keller to second
|
Batting: SHB Spike Owen
|
0-0: Called Strike 0-1: Ground out 3-1 (Groundball, 34S, EV 78.8 MPH) Jerry Keller to third Roberto Reyes to second
|
Batting: RHB Dennis Littlejohn
|
0-0: Intentional Walk
|
Batting: RHB Mike Scott
|
0-0: Fielders Choice at 2nd, U6 (Groundball, 4MD, EV 87.5 MPH)
|
Top of the 4th over - 0 runs, 1 hit, 0 errors, 3 left on base; Los Angeles 1 - Atlanta 1 |
BOTTOM OF THE 4TH |
Atlanta Braves batting - Pitching for Los Angeles Dodgers : RHP Mike Scott
|
Batting: LHB Mike Scioscia
|
0-0: Ball 1-0: Fly out, F8 (Line Drive, 8LD, EV 94.4 MPH)
|
Batting: RHB Craig Kusick
|
0-0: Ball 1-0: Ball 2-0: Ball 3-0: Base on Balls
|
Batting: LHB Joe L Morgan
|
0-0: Ball 1-0: Ball 2-0: Ball 3-0: Reached on error, E4 (Groundball, 4, EV 80.0 MPH) Craig Kusick to second
|
Batting: RHB Gil Flores
|
0-0: Called Strike 0-1: Ball 1-1: Ball 2-1: Foul Ball, location: 2F 2-2: Foul Ball, location: 2F 2-2: Fly out, F8 (Flyball, 89S, EV 94.4 MPH)
|
Batting: LHB Danny Jaster
|
0-0: Swinging Strike 0-1: Ball 1-1: Swinging Strike 1-2: Foul Ball, location: 2F 1-2: Strikes out looking
|
Bottom of the 4th over - 0 runs, 0 hits, 1 error, 2 left on base; Los Angeles 1 - Atlanta 1 |
TOP OF THE 5TH |
Los Angeles Dodgers batting - Pitching for Atlanta Braves : LHP Danny Jaster
|
Batting: RHB Billy Sample
|
0-0: Ball 1-0: Foul Ball, location: 2F 1-1: Ball 2-1: Foul Ball, location: 2F 2-2: Ball 3-2: Foul Ball, location: 2F 3-2: Strikes out swinging
|
Batting: RHB Carney Lansford
|
0-0: Called Strike 0-1: SOLO HOME RUN (Flyball, 7LD, EV 98.1 MPH), Distance : 345 ft
|
Batting: RHB Dick Davis
|
0-0: Called Strike 0-1: Ball 1-1: Ball 2-1: Ball 3-1: Foul Ball, location: 2F 3-2: SINGLE (Groundball, 6D, EV 101.9 MPH)
|
Batting: RHB Jerry Keller
|
0-0: Ball 1-0: Ball 2-0: Fly out, F3 (Popup, 34S, EV 78.1 MPH)
|
Batting: RHB Barry Evans
|
0-0: Ball 1-0: Called Strike Dick Davis steals 2nd base 1-1: Intentional Walk
|
Batting: RHB Roberto Reyes
|
0-0: Ball 1-0: Ball 2-0: Fly out, F7 (Flyball, 7, EV 80.0 MPH)
|
Top of the 5th over - 1 run, 2 hits, 0 errors, 2 left on base; Los Angeles 2 - Atlanta 1 |
BOTTOM OF THE 5TH |
Atlanta Braves batting - Pitching for Los Angeles Dodgers : RHP Mike Scott
|
Batting: SHB Tony Fernandez
|
0-0: Called Strike 0-1: Foul Ball, location: 2F 0-2: Ball 1-2: Ground out 1-3 (Groundball, 13S, EV 61.9 MPH)
|
Batting: LHB Mike Hargrove
|
0-0: Called Strike 0-1: Swinging Strike 0-2: Foul Ball, location: 2F 0-2: Ball 1-2: Strikes out swinging
|
Batting: LHB Leon Durham
|
0-0: Foul Ball, location: 2F 0-1: Ball 1-1: Called Strike 1-2: Fly out, F6 (Popup, 6, EV 65.6 MPH)
|
Bottom of the 5th over - 0 runs, 0 hits, 0 errors, 0 left on base; Los Angeles 2 - Atlanta 1 |
TOP OF THE 6TH |
Los Angeles Dodgers batting - Pitching for Atlanta Braves : LHP Danny Jaster
|
Batting: SHB Spike Owen
|
0-0: Fly out, F6 (Line Drive, 6, EV 70.0 MPH)
|
Batting: RHB Dennis Littlejohn
|
0-0: Called Strike 0-1: Ball 1-1: Ball 2-1: Foul Ball, location: 2F 2-2: Ball 3-2: Foul Ball, location: 2F 3-2: SINGLE (Line Drive, 89S, EV 108.8 MPH)
|
Batting: RHB Mike Scott
|
0-0: Sac Bunt to 15 - play at first, batter OUT! 1-4 Dennis Littlejohn to second
|
Batting: RHB Billy Sample
|
0-0: Fly out, F7 (Line Drive, 7, EV 106.3 MPH)
|
Top of the 6th over - 0 runs, 1 hit, 0 errors, 1 left on base; Los Angeles 2 - Atlanta 1 |
BOTTOM OF THE 6TH |
Atlanta Braves batting - Pitching for Los Angeles Dodgers : RHP Mike Scott
|
Batting: LHB Bobby Murcer
|
0-0: Ball 1-0: Ball 2-0: Called Strike 2-1: Foul Ball, location: 2F 2-2: Ground out U3 (Groundball, 3, EV 76.9 MPH)
|
Batting: LHB Mike Scioscia
|
0-0: Swinging Strike 0-1: Ball 1-1: Ball 2-1: Called Strike 2-2: Foul Ball, location: 2F 2-2: Ball 3-2: Base on Balls
|
Batting: RHB Craig Kusick
|
0-0: Called Strike 0-1: Fly out, F9 (Flyball, 9LS, EV 85.6 MPH)
|
Batting: LHB Joe L Morgan
|
0-0: Called Strike 0-1: Called Strike 0-2: Ball 1-2: Ball 2-2: Ball 3-2: Base on Balls Mike Scioscia to second
|
Batting: RHB Gil Flores
|
0-0: Fielders Choice at 2nd, 6-4 (Groundball, 6, EV 88.1 MPH)
|
Bottom of the 6th over - 0 runs, 0 hits, 0 errors, 2 left on base; Los Angeles 2 - Atlanta 1 |
TOP OF THE 7TH |
Los Angeles Dodgers batting - Pitching for Atlanta Braves : LHP Danny Jaster
|
Batting: RHB Carney Lansford
|
0-0: Called Strike 0-1: Ball 1-1: Ball 2-1: Called Strike 2-2: SINGLE (Flyball, 4MD, EV 83.8 MPH)
|
Pitching: RHP Charlie Lea
|
|
Now at 3B: UL Washington
|
|
Batting: RHB Dick Davis
|
0-0: Ball Carney Lansford steals 2nd base 1-0: Ball 2-0: 2-RUN HOME RUN (Flyball, 78XD, EV 98.8 MPH), Distance : 441 ft
|
Batting: RHB Jerry Keller
|
0-0: Ball 1-0: Called Strike 1-1: Foul Ball, location: 2F 1-2: Strikes out swinging
|
Batting: RHB Barry Evans
|
0-0: Ball 1-0: Called Strike 1-1: Fly out, F6 (Popup, 6M, EV 54.4 MPH)
|
Batting: RHB Roberto Reyes
|
0-0: Swinging Strike 0-1: Swinging Strike 0-2: Ball 1-2: Ball 2-2: Strikes out looking
|
Top of the 7th over - 2 runs, 2 hits, 0 errors, 0 left on base; Los Angeles 4 - Atlanta 1 |
BOTTOM OF THE 7TH |
Atlanta Braves batting - Pitching for Los Angeles Dodgers : RHP Mike Scott
|
Batting: SHB UL Washington
|
0-0: Fly out, F8 (Flyball, 8RM, EV 90.0 MPH)
|
Batting: SHB Tony Fernandez
|
0-0: Ball 1-0: Ball 2-0: Ball 3-0: Called Strike 3-1: Foul Ball, location: 2F 3-2: Foul Ball, location: 2F 3-2: Base on Balls
|
Batting: LHB Mike Hargrove
|
0-0: Ball Tony Fernandez is caught stealing 2nd base 2-6 1-0: Called Strike 1-1: Foul Ball, location: 2F 1-2: Foul Ball, location: 2F 1-2: Fly out, F5 (Line Drive, 5, EV 68.1 MPH)
|
Bottom of the 7th over - 0 runs, 0 hits, 0 errors, 0 left on base; Los Angeles 4 - Atlanta 1 |
TOP OF THE 8TH |
Los Angeles Dodgers batting - Pitching for Atlanta Braves : RHP Charlie Lea
|
Batting: SHB Spike Owen
|
0-0: Bunt missed! 0-1: SINGLE (Line Drive, 7LS, EV 99.4 MPH)
|
Batting: RHB Dennis Littlejohn
|
0-0: Sac Bunt to 2L - play at first, batter OUT! 2-3 Spike Owen to second
|
Batting: RHB Mike Scott
|
0-0: Called Strike 0-1: Foul Ball, location: 2F 0-2: Ball 1-2: Ball 2-2: Strikes out looking
|
Batting: RHB Billy Sample
|
0-0: Ball 1-0: Ball 2-0: Ball 3-0: Base on Balls
|
Batting: RHB Carney Lansford
|
0-0: Foul Ball, location: 2F 0-1: Swinging Strike 0-2: Fly out, F9 (Flyball, 9, EV 92.5 MPH)
|
Top of the 8th over - 0 runs, 1 hit, 0 errors, 2 left on base; Los Angeles 4 - Atlanta 1 |
BOTTOM OF THE 8TH |
Atlanta Braves batting - Pitching for Los Angeles Dodgers : RHP Mike Scott
|
Batting: LHB Leon Durham
|
0-0: Called Strike 0-1: Ball 1-1: Fly out, F8 (Flyball, 8RD, EV 100.6 MPH)
|
Batting: LHB Bobby Murcer
|
0-0: Swinging Strike 0-1: Foul Ball, location: 2F 0-2: Strikes out swinging
|
Batting: LHB Mike Scioscia
|
0-0: Called Strike 0-1: Ball 1-1: Ball 2-1: Called Strike 2-2: Ball 3-2: Ground out U3 (Groundball, 3L, EV 78.1 MPH)
|
Bottom of the 8th over - 0 runs, 0 hits, 0 errors, 0 left on base; Los Angeles 4 - Atlanta 1 |
TOP OF THE 9TH |
Los Angeles Dodgers batting - Pitching for Atlanta Braves : RHP Charlie Lea
|
Batting: RHB Dick Davis
|
0-0: Ball 1-0: Swinging Strike 1-1: Ball 2-1: Ball 3-1: Base on Balls
|
Batting: RHB Jerry Keller
|
0-0: Ball Dick Davis is caught stealing 2nd base 2-4 1-0: Ball 2-0: Ball 3-0: Base on Balls
|
Batting: RHB Barry Evans
|
0-0: Ball 1-0: Ball Wild Pitch! Jerry Keller to second 2-0: Intentional Walk
|
Batting: RHB Roberto Reyes
|
0-0: Foul Ball, location: 2F 0-1: Called Strike 0-2: Ball Wild Pitch! Jerry Keller to third Barry Evans to second 1-2: Ground out 4-3 (Groundball, 34, EV 100.6 MPH) Jerry Keller scores Barry Evans to third
|
Batting: SHB Spike Owen
|
0-0: Intentional Walk
|
Batting: RHB Dennis Littlejohn
|
0-0: Ball 1-0: Ball 2-0: Swinging Strike 2-1: Foul Ball, location: 2F 2-2: Strikes out looking
|
Top of the 9th over - 1 run, 0 hits, 0 errors, 2 left on base; Los Angeles 5 - Atlanta 1 |
BOTTOM OF THE 9TH |
Atlanta Braves batting - Pitching for Los Angeles Dodgers : RHP Mike Scott
|
Batting: RHB Craig Kusick
|
0-0: Foul Ball, location: 2F 0-1: Ball 1-1: Ground out 5-3 (Groundball, 5S, EV 60.6 MPH)
|
Batting: LHB Joe L Morgan
|
0-0: Ball 1-0: Foul Ball, location: 2F 1-1: Ball 2-1: Swinging Strike 2-2: Ball 3-2: Ground out 6-3 (Groundball, 6M, EV 88.8 MPH)
|
Pinch Hitting: LHB Brett Butler
|
0-0: Called Strike 0-1: Swinging Strike 0-2: Strikes out looking
|
Bottom of the 9th over - 0 runs, 0 hits, 0 errors, 0 left on base; Los Angeles 5 - Atlanta 1 |
|